Description

ZvZ Fastest mutas into Nydus SH

This is best on gigantic turtley maps - and is always a huge gamble. It feels GOOOOOOOD when it pays off though

  • Hatch gas pool
  • Immediate Lair
  • Skip ling speed
  • Rush 4-gas 8 mutas
  • Then SH nydus
  • Drone 3rd
  • Mass roach for the finishing blow

VOD

https://youtu.be/mAL9e6LIa6M

Replay - Muta into SH Nydus

Build Order

Get SALT Encoding   

  12  0:02  Drone  
  13  0:13  Overlord  
  13  0:17  Drone  
  14  0:31  Drone x3  
  17  0:53  Hatchery  
  17  0:56  Drone x2  
  18  1:11  Extractor  
  17  1:13  Spawning Pool  
  17  1:15  Drone x2  
  18  1:29  Drone  
  19  1:40  Overlord  
  20  2:04  Queen x2, Zergling x4  
  31  2:40  Lair  
  31  2:43  Extractor  
  30  2:45  Queen  
  34  2:52  Overlord  
  38  3:17  Spine Crawler  
  40  3:31  Overlord  
  40  3:40  Extractor x2  
  40  3:41  Spire  
  45  4:02  Overlord  
  45  4:04  Overseer  
  49  4:20  Roach Warren  
  49  4:52  Mutalisk x7  
  49  4:57  Hatchery  
  64  5:09  Evolution Chamber  
  64  5:12  Glial Reconstitution  
  63  5:18  Infestation Pit  
  71  5:38  Nydus Network  
  75  5:51  Extractor x2  
  71  6:02  Swarm Host x4  
  81  6:16  Swarm Host x3  
  90  6:21  Overseer  
  90  6:26  Nydus Canal  
  90  6:43  Nydus Canal  
  90  7:04  Roach x10  
  112  7:24  Nydus Canal  
  112  7:27  Spine Crawler x2  
  110  7:39  Nydus Canal  
  125  7:57  Spore Crawler x3  
  124  8:03  Spore Crawler x2  
  128  8:18  Spore Crawler x2  
  125  8:21  Hydralisk Den  
  125  8:22  Infestation Pit, Nydus Canal  
  110  8:46  Nydus Canal  
  110  8:52  Pathogen Glands  
  110  8:54  Grooved Spines  
  110  8:55  Hive, Hydralisk x7  
  125  9:05  Spore Crawler  
  125  9:08  Hatchery, Queen  
  125  9:11  Spore Crawler  
  124  9:30  Infestor x6  
  124  9:31  Evolution Chamber x2  
  134  9:38  Infestor x2  
  134  9:40  Hydralisk x3  
  149  9:55  Lurker Den  
Spawning Tool Build Advisor. Get it on Overwolf

Go to:

Details

  • Created by: PiG      
  • Published on: Aug 11, 2019
  • Modified on: Aug 11, 2019
  • Patch: 4.7.1
Show
View Real Time Build Order
Export as new Build Order

Comments (0)

There are no comments. Be the first!

Create an account to comment!